 Dungeon Crawl Stone Soup version 0.32-a0-42-ga30500b4d3 (webtiles) character file.

Game seed: 779778352992569187

917 CraigForest the Chopper (level 8, 0/61 HPs)
             Began as a Formicid Fighter on Feb 1, 2024.
             Was an Initiate of Qazlal.
             Succumbed to a scorpion's poison
             ... on level 5 of the Dungeon.
             The game lasted 00:13:31 (4487 turns).

CraigForest the Chopper (Formicid Fighter)          Turns: 4487, Time: 00:13:32

Health: 0/61       AC:  7    Str: 24    XL:     8   Next: 31%
Magic:  8/8        EV: 10    Int:  7    God:    Qazlal [......]
Gold:   294        SH: 10    Dex: 13    Spells: 7/7 levels left

rFire   . . .        a - +0 war axe
rCold   . . .        c - +0 buckler
rNeg    . . .        b - +0 scale mail
rPois   +            (helmet unavailable)
rElec   .            (no cloak)
rCorr   +            (no gloves)
SInv    +            (no boots)
Will    .....        q - amulet of reflection Stlth
                     h - ring of poison resistance
HPRegen 0.30/turn    A - ring of resist corrosion
MPRegen 0.11/turn

%: reflection
@: mighty, brilliant, lethally poisoned (0 -> -1)
A: permanent stasis, dig shafts and tunnels, antennae 3, four strong arms
a: Dig, Shaft Self, Renounce Religion


You were on level 5 of the Dungeon.
You worshipped Qazlal.
Qazlal was noncommittal.
You visited 2 branches of the dungeon, and saw 6 of its levels.

You collected 294 gold pieces.

Inventory:

Hand Weapons
 a - a +0 war axe (weapon)
 j - a +3 dagger of venom
Missiles
 s - 4 boomerangs
 w - 12 poisoned darts
Armour
 b - a +0 scale mail (worn)
 c - a +0 buckler (worn)
 y - a +0 leather armour of poison resistance
Jewellery
 h - a ring of poison resistance (left hand)
 q - an amulet of reflection (around neck)
 t - a ring of ice
 A - a ring of resist corrosion (right hand)
Talismans
 k - the serpent talisman "Osuwolu" {Int+5}
   (You found it on level 3 of the Dungeon)

   [serpent talisman]

   Int+5:     It affects your intelligence (+5).
 D - a serpent talisman
Scrolls
 e - 2 scrolls of teleportation
 g - a scroll of summoning
 i - 4 scrolls of immolation
 l - 2 scrolls of poison {unknown}
 n - a scroll of noise {unknown}
 p - 2 scrolls of fear {unknown}
 v - a scroll of revelation {unknown}
 x - a scroll of enchant armour {unknown}
 B - a scroll of vulnerability {unknown}
Potions
 f - a potion of lignification
 m - 2 potions of curing {unknown}
 r - 2 potions of haste
 u - a potion of berserk rage {unknown}
 z - a potion of degeneration {unknown}
 C - a potion of enlightenment {unknown}


   Skills:
 + Level 4.5 Fighting
 * Level 7.1 Axes
 + Level 4.8 Armour
 + Level 1.4 Dodging
 - Level 0.4 Stealth
 + Level 5.8 Shields


You had 7 spell levels left.
You didn't know any spells.
Your spell library contained the following spells:

 Spells                   Type           Power      Damage    Failure   Level
 Mercury Vapours          Alch/Air       0%         N/A       89%         2
 Mephitic Cloud           Conj/Alch/Air  0%         N/A       98%         3
 Freezing Cloud           Conj/Ice/Air   0%         6-21      100%        5


Dungeon Overview and Level Annotations

Branches:
Dungeon (5/15)             Temple (1/1) D:4

Altars:
Cheibriados
Dithmenos
Fedhas
Gozag
Hepliaklqana
Makhleb
Okawaru
Qazlal
Sif Muna
Uskayaw
Vehumet
Wu Jian
Xom
Yredelemnul
Zin
The Shining One

Shops:
D:2 :


Innate Abilities, Weirdness & Mutations

You cannot be hasted, slowed, berserked, paralysed or teleported.
You can dig through walls and to a lower floor.
You have a pair of large antennae on your head. (SInv)
Your four strong arms can wield two-handed weapons with a shield.


Message History

You barely miss the bullfrog. You slash the gnoll! You barely miss the gnoll.
You feel very sick.
You block the gnoll's attack. x2; The bullfrog hits you.
The scorpion closely misses you.
You slash the scorpion!
The scorpion is severely wounded.
You closely miss the gnoll. You closely miss the bullfrog. You hit the gnoll.
You kill the gnoll!
Qazlal accepts your kill.
You feel sick. You block the bullfrog's attack.
The gnoll hits you with a +0 whip.
The scorpion stings you but does no damage.
The bullfrog closely misses you. The gnoll hits you with a +0 whip.
You hit the scorpion.
The scorpion is almost dead.
You closely miss the bullfrog. You closely miss the gnoll.
You feel sick. You block the scorpion's attack.
The bullfrog barely misses you. x2
You block the scorpion's attack.
The gnoll hits you but does no damage. x2
You slash the scorpion!
You kill the scorpion!
Qazlal accepts your kill.
You hit the gnoll but do no damage. You hit the bullfrog.
You closely miss the hound.
You feel sick. The bullfrog hits you.
* * * LOW HITPOINT WARNING * * *
You block the hound's attack. The gnoll closely misses you.
You block the gnoll's attack. The bullfrog closely misses you.
Your Axes skill increases to level 7!
You feel very mighty all of a sudden.
You feel sick. The hound bites you.
* * * LOW HITPOINT WARNING * * *
The hound bites you.
* * * LOW HITPOINT WARNING * * *
The bullfrog hits you.
* * * LOW HITPOINT WARNING * * *
The gnoll barely misses you. The gnoll hits you with a +0 whip.
* * * LOW HITPOINT WARNING * * *
The hound closely misses you.
It was a potion of brilliance.
You feel clever all of a sudden.
You die...

#
####.....#......####
##.#........#......#
............#......#
...................#
##................#
#.###............# #
#.......######
#.###.......# ##
#...@F....### ##)
#..hgh....# ###).
......g......# #..))
.............# #....
..........#### #....
.###......# #....
#......# ###.#
.......# ..# ...#


You could see a bullfrog, 2 hounds and 2 gnolls.

Vanquished Creatures
  Edmund (D:5)
  A black bear (D:5)
  An ogre (D:4)
  3 scorpions
  A bombardier beetle (D:4)
  An orc priest (D:5)
  A hound (D:4)
  A jelly (D:4)
  3 iguanas
  2 orc wizards
  A gnoll (D:5)
  7 adders
  A white imp (D:5)
  4 dart slugs
  7 orcs
  8 ball pythons
  7 bats
  10 endoplasms
  6 giant cockroaches
  10 goblins
  8 hobgoblins
  5 quokkas
  3 frilled lizards
  15 kobolds
  8 rats
115 creatures vanquished.

Notes
Turn   | Place    | Note
-------+----------+-------------------------------------------
     0 | D:1      | CraigForest the Formicid Fighter began the quest for the
                  | Orb.
     0 | D:1      | Reached XP level 1. HP: 18/18 MP: 1/1
   186 | D:1      | Reached XP level 2. HP: 23/24 MP: 2/2
   407 | D:1      | Reached XP level 3. HP: 26/29 MP: 3/3
   549 | D:1      | HP: 1/29 [poisoned by a goblin]
   962 | D:2      | Reached skill level 3 in Axes
   994 | D:2      | Reached XP level 4. HP: 36/36 MP: 4/4
  1285 | D:2      | Reached XP level 5. HP: 35/42 MP: 5/5
  1534 | D:2      | Found Coedin's Book Emporium.
  2215 | D:3      | Identified the serpent talisman "Osuwolu" {Int+5}
  2289 | D:3      | Reached skill level 4 in Axes
  3035 | D:4      | Reached XP level 6. HP: 44/48 MP: 6/6
  3037 | D:4      | Reached skill level 5 in Shields
  3069 | D:4      | Reached skill level 5 in Axes
  3092 | D:4      | Noticed an ogre
  3103 | D:4      | Killed an ogre
  3104 | D:4      | Reached XP level 7. HP: 5/54 MP: 7/7
  3504 | D:4      | Found a staircase to the Ecumenical Temple.
  3513 | Temple   | Entered the Ecumenical Temple
  3517 | Temple   | Became a worshipper of Qazlal Stormbringer
  3613 | D:4      | Found a shimmering altar of Xom.
  3848 | D:4      | Reached skill level 1 in Dodging
  4146 | D:5      | Entered Level 5 of the Dungeon
  4197 | D:5      | Reached skill level 6 in Axes
  4356 | D:5      | Noticed Edmund
  4373 | D:5      | Killed Edmund
  4459 | D:5      | Reached XP level 8. HP: 59/61 MP: 8/8
  4486 | D:5      | Reached skill level 7 in Axes
  4486 | D:5      | HP: 1/61 [gnoll/+0 whip (3)]
  4487 | D:5      | Succumbed to a scorpion's poison

Illustrated notes

Levels and vault maps discovered:
D:1:      dpeg_arrival_long_road, layout_loops_cross
D:2:      wad_river_or_something, layout_loops_ring, serial_shops, shop,
          serial_bayou_pond_a, lexackson_kobold_supper
D:3:      layout_loops_cross, hex_large, minmay_misc_feat_cross,
          supply_closet_lemuel
D:4:      layout_loops_ring, brannock_xom_greatest_gift,
          minmay_temple_entry_purple_smoke, solitary_fountain,
          chequers_serial_rivers_large_b
D:5:      layout_basic, nicolae_elyvilon_temple_path, serial_shops, shop,
          serial_library_hellmonk_junction, uniq_edmund
Temple:   hellmonk_temple_two_chambers

Skill      XL: |  1  2  3  4  5  6  7  8 |
---------------+-------------------------+-----
Axes           | 3 4 5 6 7 |  7.1
Shields        | 5 |  5.8
Fighting       | 4 |  4.5
Armour         | 4 |  4.8
Dodging        | 1 |  1.4
Stealth        | |  0.4

Action                     |  1- 3 |  4- 6 |  7- 9 || total
---------------------------+-------+-------+-------++-------
  Melee: War axe           |    70 |   235 |   101 ||   406
    Use: Scroll            |       |     4 |     1 ||     5
         Potion            |       |       |     2 ||     2
 Armour: Scale mail        |    64 |    98 |    73 ||   235
  Dodge: Dodged            |    39 |    70 |    42 ||   151
  Block: Buckler           |    25 |    65 |    60 ||   150
         Reflection        |       |     3 |     2 ||     5

Table legend: (Time is in decaauts)
 A = Elapsed time spent in this place.
 B = Non-inter-level travel time spent in this place.
 C = Inter-level travel time spent in this place.
 D = Time resting spent in this place.
 E = Time spent auto-exploring this place.
 F = Levels seen in this place.
 G = Mean time per level.
                   A        B        C        D        E       F      G
               +--------+--------+--------+--------+--------+-----+--------+
         Total |   4668 |   4542 |    126 |    239 |   3094 |   6 |  778.0 |
       Dungeon |   4659 |   4533 |    126 |    239 |   3094 |   5 |  931.8 |
        Temple |      8 |      8 |      0 |      0 |      0 |   1 |    8.0 |
               +--------+--------+--------+--------+--------+-----+--------+

Top non-repeatable levels by time:
     D:2: 1325 daAuts
     D:4: 1177 daAuts
     D:1: 962 daAuts
     D:3: 842 daAuts
     D:5: 351 daAuts
  Temple: 8 daAuts
